[Event "December 19 Early 2023"]
[Site "https://www.chess.com"]
[Date "2023.12.19"]
[Round "6"]
[White "Guimaraes, Wagner Peixoto"]
[Black "Valle Luis, Leo"]
[Result "1-0"]
[Board "151"]
[TimeControl "180+1"]
[WhiteFideId "2100940"]
[BlackFideId "54577187"]
[WhiteElo "2140"]
[BlackElo "2143"]
[WhiteTeam "BRA"]
[BlackTeam "ESP"]
[WhiteClock "0:00:07"]
[BlackClock "0:00:08"]

1. d4 Nf6 2. c4 e6 3. Nf3 b6 4. a3 Bb7 5. Nc3 Be7 6. d5 Bf8 7. e4 d6 8. Nd4 e5 9. Nf5 g6 10. Ng3 Bg7 11. h4 h5 12. Bg5 Nbd7 13. Rc1 a5 14. Be2 Qc8 15. b4 Nh7 16. Be3 O-O 17. Nb5 Qd8 18. c5 dxc5 19. bxc5 Re8 20. c6 Ndf8 21. cxb7 Rb8 22. Rxc7 Nf6 23. Bxb6 N6d7 24. Bxa5 Qf6 25. Na7 Qd6 26. Nc6 Qc5 27. Bb4 Qb6 28. Nxb8 Qxc7 29. Nxd7 Qxd7 30. Ba6 f5 31. Qd3 f4 32. Bb5 Qxb7 33. Bxe8 fxg3 34. fxg3 Qc8 35. Bc6 Qg4 36. O-O Nh7 37. Qf3 Qc8 38. Qf7+ Kh8 39. Qe6 Qb8 40. Qe8+ Qxe8 41. Bxe8 Nf6 42. Bxg6 Ng4 43. Bxh5 Ne3 44. d6 Nxf1 45. Kxf1 Bf6 46. d7 Bd8 47. Bd6 Kg7 48. Bxe5+ Kf8 49. Bf4 Ke7 50. Bg5+ Kxd7 51. Bg4+ 1-0

[Event "December 19 Early 2023"]
[Site "https://www.chess.com"]
[Date "2023.12.19"]
[Round "6"]
[White "Sreyas Payyappat"]
[Black "Petrukhina, Olga"]
[Result "1-0"]
[Board "152"]
[TimeControl "180+1"]
[WhiteFideId "46674969"]
[BlackFideId "13703935"]
[WhiteElo "2043"]
[BlackElo "1991"]
[WhiteTeam "IND"]
[BlackTeam "KAZ"]
[WhiteClock "0:00:05"]
[BlackClock "0:00:11"]

1. e4 e6 2. d4 d5 3. Nc3 dxe4 4. Nxe4 Nd7 5. Nf3 Ngf6 6. Bd3 Nxe4 7. Bxe4 Nf6 8. Bd3 c5 9. O-O cxd4 10. Nxd4 a6 11. c3 Qc7 12. Re1 Bd7 13. Qf3 Bd6 14. h3 O-O-O 15. Bxa6 bxa6 16. Qa8+ Qb8 17. Qxa6+ Kc7 18. Be3 Nd5 19. Qa5+ Kc8 20. c4 Nc7 21. c5 Be5 22. c6 Bxd4 23. cxd7+ Rxd7 24. Bf4 e5 25. Bg3 f6 26. Rac1 Re8 27. Kh1 Ree7 28. f4 Kd8 29. fxe5 fxe5 30. Bh4 Ke8 31. Bxe7 Rxe7 32. Qa4+ Kf8 33. Qc4 Rf7 34. Rf1 Qe8 35. Qxf7+ Qxf7 36. Rxf7+ Kxf7 37. Rxc7+ Ke6 38. b4 g6 39. b5 h5 40. Rh7 Kd6 41. a4 Bb6 42. Rb7 Kc5 43. Kg1 e4 44. Kf2 1-0

[Event "December 19 Early 2023"]
[Site "https://www.chess.com"]
[Date "2023.12.19"]
[Round "6"]
[White "Nilsen, Tobias Lang"]
[Black "Blokhin, Sofia"]
[Result "0-1"]
[Board "153"]
[TimeControl "180+1"]
[WhiteFideId "1521624"]
[BlackFideId "4508190"]
[WhiteElo "2221"]
[BlackElo "1916"]
[WhiteTeam "NOR"]
[BlackTeam "EST"]
[WhiteClock "0:00:05"]
[BlackClock "0:00:07"]

1. f4 d5 2. Nf3 e6 3. g3 Nf6 4. Bg2 Be7 5. O-O O-O 6. d3 c5 7. Nc3 Nc6 8. e4 d4 9. Ne2 e5 10. f5 h6 11. h3 b5 12. g4 Nh7 13. Qe1 c4 14. Qg3 cxd3 15. cxd3 f6 16. h4 Nb4 17. Ne1 Bb7 18. Rf2 Rc8 19. Bf1 Nc2 20. Nxc2 Rxc2 21. Rg2 Qb6 22. Kh2 Rfc8 23. Qf3 R8c6 24. Qf2 b4 25. Qe1 Ba6 26. Ng3 Rxg2+ 27. Kxg2 Rc2+ 28. Kh1 Qc7 29. Qd1 Nf8 30. Bd2 Nd7 31. Rc1 Rxc1 32. Bxc1 Nc5 33. Qc2 Qa5 34. b3 Bb5 35. Be2 Qa6 36. Bd2 Bxd3 37. Bxd3 Qxd3 38. Qxd3 Nxd3 39. Kg2 a5 40. Kf3 Kf7 41. Ne2 Nc5 42. Nc1 Ke8 43. Be1 Kd7 44. Bd2 Kc6 45. Be1 Kb5 46. Bd2 a4 47. Be1 axb3 48. axb3 Nd7 49. Bd2 Nb6 50. Nd3 Nc8 51. g5 hxg5 52. hxg5 Nb6 53. g6 Nc8 54. Bh6 Bf8 55. Bd2 Nb6 56. Kf2 Nc8 57. Kf3 Nb6 58. Be1 Nc8 59. Bg3 Nb6 60. Ke2 Nc8 61. Kd2 Nb6 62. Kc2 Nc8 63. Bf2 Nb6 64. Be1 Nc8 65. Nb2 Nb6 66. Kd3 Be7 67. Bd2 Bf8 68. Bc1 Be7 69. Bh6 Bf8 70. Bd2 Be7 71. Be1 Bf8 72. Nd1 Be7 73. Ke2 Bf8 74. Kf3 Be7 75. Nb2 Bf8 76. Nd3 Nc8 77. Nf2 Nb6 78. Ng4 Nc8 79. Bd2 Nb6 80. Nf2 Nc8 81. Bc1 Nb6 82. Ng4 Nc8 83. Bd2 Nb6 84. Be1 Nc8 85. Bg3 Nb6 86. Nf2 Nd7 87. Nd3 Nb6 88. Nb2 Be7 89. Be1 Bf8 90. Bf2 Be7 91. Bh4 Bf8 92. Be1 Be7 93. Bd2 Bf8 94. Nd3 Be7 95. Nf2 Bf8 96. Ng4 Nd7 97. Nf2 Nc5 98. Be1 Nxb3 99. Nd1 Nc5 100. Nb2 b3 101. Bd2 Na4 102. Nd3 Nc3 103. Bc1 Kc4 104. Nb2+ Kb4 105. Nd3+ Ka4 106. Nb2+ Kb5 107. Nd3 Na4 108. Ke2 Kc4 109. Kd2 Bb4+ 110. Ke2 Bc3 111. Bh6 b2 112. Nxb2+ Nxb2 113. Bxg7 d3+ 114. Kf2 d2 115. Bxf6 d1=Q 116. g7 Qd2+ 117. Kf3 Qf4+ 118. Kg2 Qg4+ 119. Kf2 Bd4+ 0-1

[Event "December 19 Early 2023"]
[Site "https://www.chess.com"]
[Date "2023.12.19"]
[Round "6"]
[White "Fernandez Sanchez, Mario Andres"]
[Black "DeyanKostov"]
[Result "0-1"]
[Board "154"]
[TimeControl "180+1"]
[WhiteFideId "6501621"]
[WhiteElo "2050"]
[BlackElo "2472"]
[WhiteTeam "CRC"]
[WhiteClock "0:00:00"]
[BlackClock "0:00:11"]

1. d4 d5 2. Bf4 Nf6 3. Nc3 e6 4. Nb5 Bd6 5. Nxd6+ cxd6 6. Nf3 Nc6 7. e3 O-O 8. c3 Re8 9. h3 h6 10. Be2 e5 11. Bh2 Bf5 12. O-O Qd7 13. Qb3 g5 14. Rad1 e4 15. Nd2 Rac8 16. Qa3 Red8 17. c4 Be6 18. b3 a6 19. Rc1 Ne7 20. cxd5 Bxd5 21. Rxc8 Nxc8 22. Rc1 Na7 23. Bc4 Nb5 24. Qb4 Bc6 25. a4 Nc7 26. Be2 Ncd5 27. Qa3 Ne7 28. Nc4 Nf5 29. Bg4 Nxg4 30. hxg4 Nh4 31. Qxd6 Qc8 32. Qg3 Bd7 33. Qe5 b5 34. axb5 axb5 35. Qxe4 bxc4 36. bxc4 Bxg4 37. Be5 Bf3 38. gxf3 Qh3 39. f4 Nf3+ 40. Qxf3 Qxf3 41. fxg5 hxg5 42. c5 Qg4+ 43. Bg3 Qe6 44. c6 Rc8 45. c7 f5 46. Be5 f4 47. exf4 gxf4 48. Kf1 f3 49. Rc3 Qh3+ 50. Ke1 Ra8 51. Kd2 Qh6+ 52. Kd3 Qg6+ 53. Ke3 Qg5+ 54. Kxf3 Rf8+ 55. Ke2 Qg4+ 56. Ke1 Qg1+ 57. Kd2 Rxf2+ 58. Kd3 Qf1+ 59. Ke4 Qg2+ 60. Kd3 Rf3+ 61. Kc4 Qe2+ 62. Kb4 Rxc3 63. Kxc3 Qe3+ 64. Kc4 Qh3 65. Kc5 Qd7 66. Bd6 Kf7 67. d5 Ke8 68. Bf4 Qc8 69. d6 Kd7 70. Kd4 Qb7 71. Ke5 Kc8 72. Bg5 Qb2+ 73. Kf5 Kd7 74. Be7 Qd4 75. Kg5 Qd5+ 76. Kf6 Qb7 77. Kf5 Qc8 78. Ke5 Kc6 79. Kf6 Qd7 80. Ke5 Kc5 81. Ke4 Qe6+ 82. Kd3 Kd5 83. Kc3 Qg4 84. Kd3 Qh3+ 85. Kc2 Kc4 0-1

[Event "December 19 Early 2023"]
[Site "https://www.chess.com"]
[Date "2023.12.19"]
[Round "6"]
[White "Barwinska, Ewa"]
[Black "Kanyamarala, Trisha"]
[Result "0-1"]
[Board "155"]
[TimeControl "180+1"]
[WhiteFideId "21833761"]
[BlackFideId "45004722"]
[WhiteElo "1879"]
[BlackElo "2078"]
[WhiteTeam "POL"]
[BlackTeam "IRL"]
[WhiteClock "0:00:00"]
[BlackClock "0:01:42"]

1. e4 c5 2. Nf3 d6 3. d4 cxd4 4. Nxd4 Nf6 5. Nc3 Nc6 6. Bg5 e6 7. Qd2 a6 8. O-O-O Bd7 9. f4 b5 10. Nxc6 Bxc6 11. Bd3 Qb6 12. Rhe1 b4 13. Bxf6 gxf6 14. Nd5 Qd8 15. Nxb4 Bd7 16. Nxa6 Qb6 17. Qc3 Rxa6 18. Bxa6 Qxa6 19. Qxf6 Rg8 20. a3 Rxg2 21. Rd3 Qc4 22. Rc3 Qa2 23. Rc8+ Bxc8 0-1

[Event "December 19 Early 2023"]
[Site "https://www.chess.com"]
[Date "2023.12.19"]
[Round "6"]
[White "Golubenko, Valentina"]
[Black "Omariev, Maksim"]
[Result "0-1"]
[Board "156"]
[TimeControl "180+1"]
[WhiteFideId "4501993"]
[BlackFideId "4193423"]
[WhiteElo "2126"]
[BlackElo "2451"]
[WhiteTeam "CRO"]
[BlackTeam "RUS"]
[WhiteClock "0:00:54"]
[BlackClock "0:01:44"]

1. d4 h5 2. c4 h4 3. h3 d6 4. Nc3 e5 5. dxe5 dxe5 6. Qxd8+ Kxd8 7. Nf3 f6 8. Be3 c6 9. O-O-O+ Kc7 10. g4 hxg3 11. fxg3 Be6 12. b3 Ba3+ 13. Kb1 Nh6 14. Bc1 Bb4 15. Bxh6 Rxh6 16. Kb2 Nd7 17. e4 Nc5 18. Nd5+ cxd5 19. exd5 Bg4 20. h4 Bxf3 0-1

[Event "December 19 Early 2023"]
[Site "https://www.chess.com"]
[Date "2023.12.19"]
[Round "6"]
[White "Fernandez Hernandez, Gerardo"]
[Black "Herman, Daniel"]
[Result "0-1"]
[Board "157"]
[TimeControl "180+1"]
[WhiteFideId "2207400"]
[BlackFideId "30935008"]
[WhiteElo "2269"]
[BlackElo "1897"]
[WhiteTeam "ESP"]
[BlackTeam "USA"]
[WhiteClock "0:00:13"]
[BlackClock "0:00:34"]

1. e4 e5 2. Nf3 Nc6 3. d4 exd4 4. Bc4 Nf6 5. e5 d5 6. Bb5 Ne4 7. Nxd4 Bd7 8. Bxc6 bxc6 9. O-O Bc5 10. f3 Ng5 11. f4 Ne4 12. Be3 Bb6 13. Nd2 c5 14. N4f3 Nxd2 15. Qxd2 Bf5 16. c3 O-O 17. Rae1 c4 18. Nd4 Bd3 19. Rf3 c5 20. Nb5 d4 21. Bf2 Qd7 22. Nd6 f6 23. Rg3 fxe5 24. fxe5 Bc7 25. cxd4 Bxd6 26. exd6 Qxd6 27. dxc5 Qd5 28. Qc3 Rf7 29. Bd4 g6 30. Re5 Rf1# 0-1

[Event "December 19 Early 2023"]
[Site "https://www.chess.com"]
[Date "2023.12.19"]
[Round "6"]
[White "Zeneli, Klendi"]
[Black "Palmer, Reegan"]
[Result "1-0"]
[Board "158"]
[TimeControl "180+1"]
[WhiteFideId "4706609"]
[BlackFideId "14322145"]
[WhiteElo "1974"]
[BlackElo "1814"]
[WhiteTeam "ALB"]
[BlackTeam "RSA"]
[WhiteClock "0:00:17"]
[BlackClock "0:00:15"]

1. e4 c5 2. c3 e6 3. d4 d5 4. e5 Nc6 5. Nf3 Qb6 6. a3 Nh6 7. Bd3 Bd7 8. dxc5 Bxc5 9. O-O Ng4 10. Qe2 Qc7 11. Bf4 f6 12. h3 Ngxe5 13. Nxe5 Nxe5 14. Qh5+ Ke7 15. Nd2 Bd6 16. Bxe5 Bxe5 17. Nf3 Be8 18. Qg4 f5 19. Bxf5 h5 20. Qg5+ Bf6 21. Qe3 Bf7 22. Rfe1 Rhe8 23. Ng5 Bxg5 24. Qxg5+ Kf8 25. Bg6 Bxg6 26. Qxg6 Qf7 27. Qg5 g6 28. Re3 Kg7 29. Rf3 Qe7 30. Qe5+ Kh7 31. Re1 Rac8 32. Rf6 Rc6 33. Qg5 Qg7 34. Re3 Rf8 35. Rfxe6 Rxe6 36. Rxe6 Qf7 37. Re7 Kg7 38. Rxf7+ Rxf7 39. Qxd5 Rf6 40. Qxb7+ Rf7 41. Qd5 a5 42. Qxa5 g5 43. Qxg5+ Kh7 44. Qxh5+ Kg7 45. Qxf7+ Kxf7 46. a4 Ke6 47. a5 Kd7 48. h4 Kc8 49. h5 1-0

[Event "December 19 Early 2023"]
[Site "https://www.chess.com"]
[Date "2023.12.19"]
[Round "6"]
[White "Kovalyov, Eduard"]
[Black "Chemin, Justo Reinaldo"]
[Result "1-0"]
[Board "159"]
[TimeControl "180+1"]
[WhiteFideId "14118033"]
[BlackFideId "2101580"]
[WhiteElo "2300"]
[BlackElo "1940"]
[WhiteTeam "UKR"]
[BlackTeam "BRA"]
[WhiteClock "0:00:34"]
[BlackClock "0:00:01"]

1. Nf3 e6 2. c4 d5 3. d4 c6 4. e3 Nf6 5. Bd3 Nbd7 6. O-O dxc4 7. Bxc4 b5 8. Be2 a6 9. a4 Bb7 10. Nbd2 Bd6 11. Nb3 e5 12. dxe5 Nxe5 13. Nxe5 Bxe5 14. Nc5 Qc7 15. f4 Rd8 16. Qc2 Bd6 17. Nxb7 Qxb7 18. Bf3 Rc8 19. axb5 axb5 20. e4 Bb8 21. Be3 O-O 22. Bc5 Rfe8 23. g3 Nd7 24. Bf2 Nb6 25. b3 c5 26. Kg2 c4 27. e5 Qc7 28. bxc4 Nxc4 29. Qe2 Rcd8 30. Rfd1 Rxd1 31. Qxd1 Rd8 32. Qb3 Rd2 33. Ra2 Rxa2 34. Qxa2 h6 35. Qa6 Qd7 36. Bc6 Qc7 37. Qxb5 Na5 38. Bd5 Qc3 39. Qe8+ Kh7 40. Be4+ 1-0

[Event "December 19 Early 2023"]
[Site "https://www.chess.com"]
[Date "2023.12.19"]
[Round "6"]
[White "Perossa, Nicolas"]
[Black "Essing, Arnold"]
[Result "1-0"]
[Board "160"]
[TimeControl "180+1"]
[WhiteFideId "2850520"]
[BlackFideId "4619862"]
[WhiteElo "1934"]
[BlackElo "2257"]
[WhiteTeam "ITA"]
[BlackTeam "GER"]
[WhiteClock "0:00:03"]
[BlackClock "0:00:00"]

1. d3 d5 2. Nd2 Nf6 3. g3 e5 4. Bg2 Nc6 5. c4 Be6 6. cxd5 Nxd5 7. Ngf3 Be7 8. O-O O-O 9. Nc4 f6 10. a3 Qd7 11. b4 a5 12. b5 Nd4 13. Nxd4 exd4 14. a4 Nc3 15. Qc2 Bd5 16. Bxd5+ Qxd5 17. e4 Qh5 18. Bb2 Bb4 19. Bxc3 Bxc3 20. Qd1 Qc5 21. Rb1 f5 22. Qb3 Kh8 23. exf5 Rxf5 24. f4 Re8 25. Rf2 h6 26. Rbf1 Qd5 27. Qa2 b6 28. Ne5 Qxa2 29. Rxa2 g5 30. Nc4 gxf4 31. Rxf4 Rxf4 32. gxf4 Re1+ 33. Kf2 Rd1 34. Ne5 Kg7 35. Kf3 Kf6 36. Ke2 Re1+ 37. Kf3 Rh1 38. Ng4+ Kf5 39. Nf2 Rxh2 40. Re2 Kf6 41. Ng4+ Kf7 42. Nxh2 1-0

[Event "December 19 Early 2023"]
[Site "https://www.chess.com"]
[Date "2023.12.19"]
[Round "6"]
[White "Quirke, Jeffrey"]
[Black "Serban, Cristian-Stefan"]
[Result "0-1"]
[Board "161"]
[TimeControl "180+1"]
[WhiteFideId "2013029"]
[BlackFideId "1241443"]
[WhiteElo "2165"]
[BlackElo "2040"]
[WhiteTeam "USA"]
[BlackTeam "ROU"]
[WhiteClock "0:00:13"]
[BlackClock "0:00:08"]

1. e4 a6 2. d4 e6 3. Nf3 b5 4. Bd3 Bb7 5. O-O Nf6 6. Re1 Be7 7. a4 b4 8. Nbd2 O-O 9. Nf1 c5 10. dxc5 Bxc5 11. Ng3 Qb6 12. Qe2 Ng4 13. Rf1 Nc6 14. h3 Nge5 15. Nxe5 Nxe5 16. Kh2 a5 17. f4 Nxd3 18. cxd3 Bd4 19. Qg4 Ba6 20. Rf3 Rac8 21. f5 Kh8 22. Nh5 exf5 23. exf5 Rc2 24. f6 g6 25. Bh6 Re8 26. Bg7+ Kg8 27. Qxd7 Qc7+ 28. Qxc7 Rxc7 29. Ng3 Bxb2 30. Rd1 Be5 31. Kh1 Bd6 32. Ne4 Bf8 33. Bxf8 Kxf8 34. Ng5 h6 35. Ne4 Rec8 36. Re3 Rc1 37. Rxc1 Rxc1+ 38. Kh2 b3 39. Nd6 Kg8 40. Re8+ Kh7 41. Re7 g5 42. Rxf7+ Kg6 43. Ra7 b2 44. f7 Rf1 45. Rxa6 b1=Q 46. Nf5+ Kh5 47. f8=Q Rh1+ 48. Kg3 Qe1+ 49. Kf3 Rf1# 0-1

[Event "December 19 Early 2023"]
[Site "https://www.chess.com"]
[Date "2023.12.19"]
[Round "6"]
[White "Liu, Casper"]
[Black "Piddubna, Bozhena"]
[Result "1-0"]
[Board "162"]
[TimeControl "180+1"]
[WhiteFideId "1454153"]
[BlackFideId "34109293"]
[WhiteElo "2221"]
[BlackElo "1874"]
[WhiteTeam "DEN"]
[BlackTeam "UKR"]
[WhiteClock "0:00:32"]
[BlackClock "0:00:00"]

1. f4 d5 2. Nf3 c5 3. e3 Nc6 4. g3 Nf6 5. Bg2 Qc7 6. O-O e5 7. fxe5 Nxe5 8. d4 Nxf3+ 9. Bxf3 Be7 10. Nc3 Be6 11. dxc5 Qxc5 12. Ne2 O-O 13. Nd4 Bh3 14. Rf2 Ne4 15. Re2 Bf6 16. c3 Ng5 17. Rf2 Rfe8 18. Nb3 Nxf3+ 19. Qxf3 Qc8 20. Qxd5 Rd8 21. Qf3 Qc6 22. Bd2 Qxf3 23. Rxf3 Be6 24. Nd4 Bd5 25. Rf2 a6 26. a4 Rab8 27. a5 b6 28. b4 bxa5 29. Rxa5 Bc4 30. Rff5 Bd3 31. Rfc5 Re8 32. Kf2 h6 33. Rd5 Bc4 34. Rdc5 Bd3 35. Rd5 Bc4 36. Rd7 Rbd8 37. Rc7 Rc8 38. Rac5 Rxc7 39. Rxc7 Bd3 40. h4 Ra8 41. Nc6 Re8 42. Na5 Rd8 43. c4 Bf5 44. Be1 Rd3 45. b5 Ra3 46. b6 Ra2+ 47. Kg1 Be5 48. Rc5 Ra1 49. Rxe5 Rxe1+ 50. Kf2 Rb1 51. b7 1-0

[Event "December 19 Early 2023"]
[Site "https://www.chess.com"]
[Date "2023.12.19"]
[Round "6"]
[White "Negron Lizarazo, Juan Sebastian"]
[Black "Gutierrez Olivares, Daniel"]
[Result "0-1"]
[Board "163"]
[TimeControl "180+1"]
[WhiteFideId "3936910"]
[BlackFideId "2264005"]
[WhiteElo "1647"]
[BlackElo "2317"]
[WhiteTeam "COL"]
[BlackTeam "ESP"]
[WhiteClock "0:01:11"]
[BlackClock "0:02:22"]

1. e4 e6 2. d4 d5 3. e5 c5 4. c3 Nc6 5. Nf3 Bd7 6. a3 c4 7. Nbd2 Qc7 8. b3 cxb3 9. Nxb3 f5 10. exf6 Nxf6 11. Bd3 Bd6 12. O-O O-O 13. Re1 Rae8 14. Be3 e5 15. dxe5 Nxe5 16. Bd4 Nxf3+ 17. Qxf3 Bxh2+ 18. Kh1 Ne4 19. Bxe4 Rxf3 20. Bxd5+ Rf7 21. Bxf7+ Kxf7 22. g3 Bxg3 23. fxg3 Rxe1+ 24. Rxe1 Qxg3 25. Rf1+ Kg8 26. Na5 b6 27. Bf2 Qh3+ 28. Kg1 bxa5 29. Rd1 h6 30. Rd4 Bc6 31. Rd8+ Kh7 0-1

[Event "December 19 Early 2023"]
[Site "https://www.chess.com"]
[Date "2023.12.19"]
[Round "6"]
[White "Bon, Michael"]
[Black "Sevostianov, Vladimir"]
[Result "0-1"]
[Board "164"]
[TimeControl "180+1"]
[WhiteFideId "620696"]
[BlackFideId "4144163"]
[WhiteElo "2433"]
[BlackElo "2150"]
[WhiteTeam "FRA"]
[BlackTeam "RUS"]
[WhiteClock "0:00:50"]
[BlackClock "0:01:37"]

1. e4 c5 2. c3 Nf6 3. e5 Nd5 4. d4 cxd4 5. Nf3 d6 6. cxd4 Nc6 7. Nc3 Nxc3 8. bxc3 e6 9. Bf4 Qa5 10. Qd2 dxe5 11. Nxe5 Nxe5 12. Bxe5 Bd7 13. Bd3 Bb5 14. O-O Bxd3 15. Qxd3 Rc8 16. c4 Qa6 17. Rfc1 Qc6 18. Rab1 b6 19. d5 exd5 20. Re1 Be7 21. Bxg7 Rg8 22. Qxh7 Kd7 23. Qf5+ Kc7 24. Rxe7+ Kb8 25. Be5+ Ka8 26. Qxf7 Qa4 27. Qxd5+ Qc6 28. Qf7 Qxg2# 0-1

[Event "December 19 Early 2023"]
[Site "https://www.chess.com"]
[Date "2023.12.19"]
[Round "6"]
[White "Sailer, Mike"]
[Black "Spichkin, Alexander"]
[Result "1-0"]
[Board "165"]
[TimeControl "180+1"]
[WhiteFideId "2012901"]
[BlackFideId "4144074"]
[WhiteElo "2109"]
[BlackElo "1955"]
[WhiteTeam "USA"]
[BlackTeam "RUS"]
[WhiteClock "0:00:16"]
[BlackClock "0:01:09"]

1. d4 e6 2. Nc3 f5 3. e4 fxe4 4. Nxe4 Nf6 5. Bg5 Be7 6. Bxf6 Bxf6 7. c3 O-O 8. Bd3 b6 9. f4 Bb7 10. Nf3 Nc6 11. O-O Ne7 12. Neg5 Nf5 13. Qe1 h6 14. Ne4 Be7 15. Ne5 Qe8 16. g4 Nd6 17. Ng3 Bh4 18. Bg6 Qd8 19. Qe2 Bxg3 20. hxg3 a5 21. Bc2 Ba6 22. c4 Qf6 23. Qd3 g6 24. Nxd7 Qg7 25. Nxf8 Bxc4 26. Qxg6 Bxf1 27. Qxg7+ Kxg7 28. Nxe6+ Kf6 29. Nxc7 Bc4 30. Nxa8 Nb5 31. Nxb6 Nxd4 32. Nxc4 Nxc2 33. Rc1 Nd4 34. Kf2 Ke6 35. Nxa5 Nb5 36. Rc6+ Kf7 37. Rxh6 Nd4 38. b4 Nb5 39. Nc4 Nc3 40. g5 Nb5 41. a4 Nd4 42. b5 Nb3 43. a5 Nc5 44. b6 Kg7 45. Rc6 Na6 46. b7 Nb4 47. Rc7+ Kg6 48. b8=Q Nd3+ 49. Kf1 Kf5 50. Qc8+ Ke4 51. Qe6+ Kf3 52. Qe2+ Kxg3 53. Qxd3+ Kxf4 54. Nb6 Kxg5 55. Rc5+ Kf4 56. Rc4+ Ke5 57. Qd5+ 1-0

[Event "December 19 Early 2023"]
[Site "https://www.chess.com"]
[Date "2023.12.19"]
[Round "6"]
[White "Bowden, Karl"]
[Black "Brandao, Marcius Gomes"]
[Result "1-0"]
[Board "166"]
[TimeControl "180+1"]
[WhiteFideId "400548"]
[BlackFideId "2124980"]
[WhiteElo "2429"]
[BlackElo "2100"]
[WhiteTeam "ENG"]
[BlackTeam "BRA"]
[WhiteClock "0:00:22"]
[BlackClock "0:00:00"]

1. e4 c5 2. c3 Nf6 3. e5 Nd5 4. d4 cxd4 5. cxd4 d6 6. Nf3 Nc6 7. Bc4 Nb6 8. Bb5 dxe5 9. Nxe5 Bd7 10. Nc3 e6 11. O-O Nxe5 12. dxe5 Bxb5 13. Nxb5 a6 14. Nd4 Bc5 15. Be3 O-O 16. Nxe6 Qxd1 17. Rfxd1 Bxe3 18. Nxf8 Bxf2+ 19. Kxf2 Kxf8 20. Rac1 Ke8 21. Rc7 Rb8 22. b3 Na8 23. Rc5 Rd8 24. Rxd8+ Kxd8 25. Ke3 Nc7 26. Ke4 Ne6 27. Rc1 Ke7 28. g3 Kd7 29. Kd5 Nc7+ 30. Rxc7+ Kxc7 31. e6 f6 32. a4 g6 33. g4 b6 34. b4 a5 35. bxa5 bxa5 36. Kc5 f5 37. gxf5 gxf5 38. Kd5 f4 39. Ke4 Kd6 40. Kxf4 Kxe6 41. Kg5 Kf7 42. Kf5 1-0

[Event "December 19 Early 2023"]
[Site "https://www.chess.com"]
[Date "2023.12.19"]
[Round "6"]
[White "Mizzi, Jack"]
[Black "Yushko, Olga"]
[Result "0-1"]
[Board "167"]
[TimeControl "180+1"]
[WhiteFideId "5602521"]
[BlackFideId "14114500"]
[WhiteElo "2127"]
[BlackElo "1891"]
[WhiteTeam "MLT"]
[BlackTeam "UKR"]
[WhiteClock "0:00:15"]
[BlackClock "0:01:35"]

1. d4 e6 2. c4 f5 3. Nf3 Nf6 4. g3 Be7 5. Bg2 O-O 6. O-O d6 7. Nc3 Qe8 8. Ne1 Qg6 9. Nd3 Nc6 10. Nf4 Qf7 11. d5 Nd8 12. Nb5 e5 13. Nh3 Ne8 14. f4 a6 15. Nc3 e4 16. Be3 h6 17. Nf2 Nf6 18. b4 Qh5 19. Bd4 g5 20. e3 Qg6 21. Nh3 Nf7 22. Rc1 g4 23. Nf2 h5 24. Ne2 h4 25. Ba1 Nh5 26. Qd4 Bf6 27. Qd2 Be7 28. c5 Bd7 29. Nd4 hxg3 30. hxg3 Nxg3 31. Ne6 Bxe6 32. dxe6 Qxe6 33. Qc3 Ne2+ 0-1

[Event "December 19 Early 2023"]
[Site "https://www.chess.com"]
[Date "2023.12.19"]
[Round "6"]
[White "Burmakin, Evgeniy"]
[Black "Zepeda Berlanga, Jan Enrique"]
[Result "1-0"]
[Board "168"]
[TimeControl "180+1"]
[WhiteFideId "4163729"]
[BlackFideId "5132355"]
[WhiteElo "2106"]
[BlackElo "1680"]
[WhiteTeam "RUS"]
[BlackTeam "MEX"]
[WhiteClock "0:00:16"]
[BlackClock "0:00:01"]

1. e4 c5 2. Nc3 d6 3. Bb5+ Bd7 4. a4 Nf6 5. Nf3 e6 6. O-O Be7 7. Re1 a6 8. Bf1 O-O 9. d4 Qc7 10. d5 exd5 11. exd5 Bg4 12. h3 Bh5 13. Bf4 Re8 14. g4 Bg6 15. Nh4 Nbd7 16. Nxg6 hxg6 17. Bg2 Nh7 18. Qd2 g5 19. Bg3 Ne5 20. Bxe5 dxe5 21. Rad1 Rad8 22. Ne4 f6 23. d6 Qb6 24. Qd5+ Kh8 25. Qf7 Bf8 26. b3 Qa5 27. Re3 b5 28. axb5 axb5 29. Red3 Ra8 30. d7 Red8 31. Ng3 Ra7 32. Nf5 Qb6 33. Bd5 Raxd7 34. Qg8# 1-0

[Event "December 19 Early 2023"]
[Site "https://www.chess.com"]
[Date "2023.12.19"]
[Round "6"]
[White "Santos, Isaque Goncalves"]
[Black "Kahlert, Thomas"]
[Result "0-1"]
[Board "169"]
[TimeControl "180+1"]
[WhiteFideId "2103885"]
[BlackFideId "4625242"]
[WhiteElo "1901"]
[BlackElo "2221"]
[WhiteTeam "BRA"]
[BlackTeam "GER"]
[WhiteClock "0:00:00"]
[BlackClock "0:01:04"]

1. d4 Nf6 2. c4 c5 3. d5 e5 4. Nc3 d6 5. e4 Be7 6. Nge2 O-O 7. Ng3 a6 8. h4 Bg4 9. f3 Bd7 10. h5 b5 11. cxb5 axb5 12. Bxb5 Qa5 13. Bxd7 Nbxd7 14. Nf5 Qd8 15. Bd2 Nb6 16. Nb5 Qd7 17. Qe2 Rfb8 18. Nxe7+ Qxe7 19. Nc3 Nfd7 20. b3 c4 21. bxc4 Nc5 22. Nb5 Qd7 23. O-O Nxc4 24. Qxc4 Qxb5 25. Qxb5 Rxb5 26. a3 h6 27. Bb4 Ra6 28. Rac1 Nd3 29. Rc6 Nxb4 30. axb4 Rxc6 31. dxc6 Rxb4 32. Rc1 Rb8 33. Kf2 Kf8 34. Ke3 Ke7 35. Kd3 Rc8 36. g4 Kd8 37. Ke3 Kc7 38. f4 exf4+ 39. Kxf4 Ra8 40. e5 Ra4+ 41. Kf5 Ra5 42. Re1 Kxc6 43. Kf4 dxe5+ 44. Kf5 Kd6 45. Rd1+ Ke7 46. Re1 f6 47. Re4 Kf7 48. Rb4 Ra7 49. Rc4 Re7 50. Re4 Ke8 51. Kg6 Kd7 52. Rb4 e4 53. Rb2 e3 54. Re2 Kd6 55. Kf5 Kd5 56. Kf4 Kd4 57. Kf3 Kd3 0-1

[Event "December 19 Early 2023"]
[Site "https://www.chess.com"]
[Date "2023.12.19"]
[Round "6"]
[White "Azali, Tannaz"]
[Black "UnTucopalaTimba"]
[Result "1/2-1/2"]
[Board "170"]
[TimeControl "180+1"]
[WhiteFideId "12537721"]
[WhiteElo "1828"]
[BlackElo "1977"]
[WhiteTeam "IRI"]
[WhiteClock "0:00:07"]
[BlackClock "0:00:14"]

1. d4 Nf6 2. c4 e6 3. Nc3 Bb4 4. f3 O-O 5. a3 Bxc3+ 6. bxc3 b6 7. e4 d6 8. Bd3 c5 9. Ne2 Nc6 10. O-O Ba6 11. f4 Nd7 12. f5 Na5 13. fxe6 fxe6 14. Rxf8+ Qxf8 15. Nf4 Qe7 16. Qe2 Rf8 17. Be3 cxd4 18. cxd4 e5 19. Nd5 Qd8 20. Rc1 exd4 21. Bxd4 Nb3 22. Qb2 Nxd4 23. Qxd4 Ne5 24. Bf1 Qg5 25. Qd1 Bc8 26. Rc3 Bg4 27. Be2 Bxe2 28. Qxe2 Kh8 29. h3 Qh4 30. a4 Rc8 31. a5 bxa5 32. Rc1 Qg5 33. Qc2 Qg3 34. Qf2 Qxf2+ 35. Kxf2 Rxc4 36. Ra1 Rxe4 37. Rxa5 h6 38. Rxa7 Rd4 39. Ne3 Rd2+ 40. Kg3 d5 41. Ra8+ Kh7 42. Rd8 Rd3 43. Kf2 Kg6 44. Rxd5 Rxd5 45. Nxd5 Kf5 46. Kg3 g5 47. Ne3+ Kf6 48. Ng4+ Nxg4 49. Kxg4 Kg6 50. Kg3 Kf5 51. Kf3 h5 52. g3 Ke5 53. Ke3 Kf5 54. Kf3 Ke5 55. Ke3 Kf5 56. Kf3 1/2-1/2

[Event "December 19 Early 2023"]
[Site "https://www.chess.com"]
[Date "2023.12.19"]
[Round "6"]
[White "Petrova, Irina"]
[Black "Dmitrenko, Viktor"]
[Result "1-0"]
[Board "171"]
[TimeControl "180+1"]
[WhiteFideId "14124122"]
[BlackFideId "14110270"]
[WhiteElo "2085"]
[BlackElo "2292"]
[WhiteTeam "UKR"]
[BlackTeam "UKR"]
[WhiteClock "0:01:06"]
[BlackClock "0:00:00"]

1. e4 c5 2. Nf3 e6 3. c4 Nc6 4. Nc3 Nf6 5. Be2 d6 6. d4 cxd4 7. Nxd4 Be7 8. O-O O-O 9. Be3 a6 10. Qd2 Qc7 11. Rfc1 Ne5 12. f3 b6 13. a4 Bb7 14. a5 bxa5 15. Nb3 Nc6 16. Na4 Nd7 17. c5 Rfc8 18. Nb6 Nxb6 19. cxb6 Qd7 20. Nxa5 Nxa5 21. Rxc8+ Qxc8 22. Rxa5 d5 23. exd5 Bxd5 24. Qc3 Qb7 25. Qc7 Bb4 26. Rxd5 Qxd5 27. b7 Rd8 28. b8=Q 1-0